WCHLSIM.com - West Coast Hockey League
html PUBLIC "-//W3C//DTD XHTML 1.0 Transitional//EN" "http://www.w3.org/TR/xhtml1/DTD/xhtml1-transitional.dtd"> WCHL - Game 238 - SEATTLE GRUNGE vs SASKATOON DUCKS

SEATTLE GRUNGE vs SASKATOON DUCKS

Created - 16 novembre 2023 at 23:08

Goals
1 2 3 OT1 T
SEATTLE GRUNGE 1 1 2 0 4
SASKATOON DUCKS 2 2 0 1 5
Shots
1 2 3 OT1 T
SEATTLE GRUNGE 7 12 11 0 30
SASKATOON DUCKS 7 5 6 3 21

1st period

1. SASKATOON DUCKS , Sidney Crosby 6 (Jake Sanderson 10, Jason Zucker 2) at 13:42 (PP)
2. SEATTLE GRUNGE , Travis Boyd 7 (Travis Sanheim 9, Warren Foegele 4) at 16:00
3. SASKATOON DUCKS , Kailer Yamamoto 4 (Artemi Panarin 4, Samuel Girard 4) at 18:34

Penalties :
Milan Lucic (SAS) for Hooking (Minor) at 4:12, Curtis Lazar (SEA) for Interference (Minor) at 12:00

2nd period

4. SEATTLE GRUNGE , Jakub Vrana 3 (Alexey Toropchenko 4, Rem Pitlick 3) at 4:38
5. SASKATOON DUCKS , Sidney Crosby 7 (Jake Sanderson 11, Roman Josi 9) at 9:21 (PP)
6. SASKATOON DUCKS , Sidney Crosby 8 (Jake Sanderson 12, Ivan Barbashev 3) at 16:35

Penalties :
Tyler Seguin (SEA) for Elbowing (Minor) at 1:10, Curtis Lazar (SEA) for Holding (Minor) at 8:36

3rd period

7. SEATTLE GRUNGE , Nikita Zaitsev 2 (Curtis Lazar 2, Jimmy Vesey 2) at 2:14
8. SEATTLE GRUNGE , Travis Sanheim 2 (Travis Boyd 9, Warren Foegele 5) at 18:22

Penalties :
Jason Zucker (SAS) for Roughing (Minor) at 12:19

Overtime #1

9. SASKATOON DUCKS , Artemi Panarin 7 (Roman Josi 10, Sidney Crosby 11) at 2:17

Penalties :
No Penalty

Goalie Stats

Karel Vejmelka (SEA), 13 saves from 18 shots - (0,722), OTL, 7-7-1, 58:26 minutes
Semyon Varlamov (SEA), 3 saves from 3 shots - (1,000), 3:52 minutes
Tristan Jarry (SAS), 26 saves from 30 shots - (0,867), W, 5-8-2, 62:18 minutes

Players Stats for SEATTLE GRUNGE

Player Name              G  A  P  +/- PIM S  H  SB GA TA FO     MP     PP MP  PK MP  
------------------------------------------------------------------------------------
Alexey Toropchenko       0  1  1   0  0   0  1  1  0  0  0/0     9:50   0:00   0:00 
Brett Kulak              0  0  0   0  0   0  2  2  0  0  0/0    23:04   2:30   1:21 
Curtis Lazar             0  1  1   0  4   5  2  0  0  0  1/1    10:41   0:00   0:00 
Jakub Vrana              1  0  1   0  0   1  2  0  0  0  0/0    10:31   0:00   0:41 
Jimmy Vesey              0  1  1   0  0   1  0  0  0  0  0/1    12:02   0:11   0:40 
Kaiden Guhle             0  0  0   0  0   1  1  2  0  0  0/0    22:33   0:51   2:29 
Morgan Geekie            0  0  0   0  0   0  0  1  0  0  1/1    17:47   1:17   0:00 
Nick Seeler              0  0  0   1  0   0  1  0  0  0  0/0    15:59   0:37   0:56 
Nico Sturm               0  0  0   2  0   2  0  0  0  0  0/0    17:03   2:30   0:00 
Nikita Zaitsev           1  0  1   1  0   1  1  1  0  0  0/0    18:03   1:28   2:09 
Rem Pitlick              0  1  1   0  0   0  0  0  0  0  1/11    9:50   0:00   0:00 
Sean Monahan             0  0  0  -1  0   2  0  0  0  0  6/13   14:21   0:00   2:22 
Travis Boyd              1  1  2   1  0   3  0  0  0  0  7/14   18:59   1:28   1:42 
Travis Sanheim           1  1  2   1  0   1  1  1  0  0  0/0    23:38   2:30   1:57 
Tyler Seguin             0  0  0   0  2   1  1  0  0  0  11/19  21:24   2:30   1:23 
Warren Foegele           0  2  2   2  0   5  2  0  0  0  1/2    16:01   1:28   0:00 
William Borgen           0  0  0   0  0   0  4  0  0  0  0/0    18:33   0:00   0:00 
William Nylander         0  0  0   0  0   7  0  0  0  0  1/6    22:06   2:30   2:04 

Players Stats for SASKATOON DUCKS

Player Name              G  A  P  +/- PIM S  H  SB GA TA FO     MP     PP MP  PK MP  
------------------------------------------------------------------------------------
Anthony Duclair          0  0  0   0  0   0  0  0  0  0  0/0     5:48   0:24   0:00 
Artemi Panarin           1  1  2   0  0   4  0  0  0  0  0/0    21:49   2:20   0:00 
Ivan Barbashev           0  1  1  -1  0   0  2  1  0  0  1/3    20:59   1:42   1:21 
Jake Sanderson           0  3  3   0  0   1  0  2  0  0  0/0    20:14   2:53   0:00 
Jason Zucker             0  1  1  -1  2   0  2  0  0  0  1/2    19:47   2:44   0:00 
Jaycob Megna             0  0  0   0  0   0  2  1  0  0  0/0    18:04   0:24   2:28 
Kailer Yamamoto          1  0  1  -1  0   3  1  0  0  0  0/0    20:37   1:42   0:00 
Kevin Shattenkirk        0  0  0   0  0   1  3  1  0  0  0/0    17:19   1:33   1:30 
Mathieu Joseph           0  0  0   0  0   2  1  1  0  0  0/2    13:42   0:00   2:37 
Milan Lucic              0  0  0   0  2   0  1  0  0  0  0/0     5:23   0:00   0:00 
Nils Aman                0  0  0   0  0   2  0  0  0  0  2/5     5:24   0:00   0:00 
Paul Stastny             0  0  0   0  0   0  0  0  0  0  10/15  13:23   0:00   2:18 
Phil Kessel              0  0  0   0  0   2  0  0  0  0  0/0    11:05   0:00   0:00 
Roman Josi               0  2  2  -1  0   1  0  1  0  0  0/0    26:03   2:29   0:00 
Ryan McDonagh            0  0  0  -2  0   0  0  2  0  0  0/0    22:58   1:33   1:30 
Ryan Strome              0  0  0  -1  0   0  0  0  0  0  10/23  21:06   1:42   1:21 
Samuel Girard            0  1  1   0  0   0  2  2  0  0  0/0    17:40   0:00   2:28 
Sidney Crosby            3  1  4   0  0   5  0  0  0  0  15/18  21:33   2:44   0:19 

3 Stars

1 - Sidney Crosby (SAS)
2 - Travis Sanheim (SEA)
3 - Jake Sanderson (SAS)

Power Play

SEATTLE GRUNGE - 0 on 2 Attempt(s) - 0,00%
SASKATOON DUCKS - 2 on 3 Attempt(s) - 66,67%

Penalty Kill

SEATTLE GRUNGE - 1 on 3 Attempt(s) - 33,33% - Score 0 goal in Penalty Kill
SASKATOON DUCKS - 2 on 2 Attempt(s) - 100,00% - Score 0 goal in Penalty Kill

Team Stat

SEATTLE GRUNGE - Hits : 18 - Faceoff Wins : 29 - Blocked Shots : 8 - Penalty Minutes : 6
SASKATOON DUCKS - Hits : 14 - Faceoff Wins : 39 - Blocked Shots : 11 - Penalty Minutes : 4

Official

Referees : Reid Anderson and Tim Mayer
Linesman : Ryan Gibbons and Jonny Murray

Game Notes

Semyon Varlamov is injured at 3:52 of 1st period (Sprained Right Knee)
Karel Vejmelka enters game at 3:52 of 1st period
Sidney Crosby has scored a Hat Trick!

Finance

Level 1 -- Attendance: 6600 (100,00%) -- Ticket Income 924 000 $
Level 2 -- Attendance: 5136 (91,71%) -- Ticket Income 487 920 $
Level 3 -- Attendance: 2200 (100,00%) -- Ticket Income 143 000 $
Level 4 -- Attendance: 4600 (100,00%) -- Ticket Income 207 000 $
Luxury Box -- Attendance: 966 (96,60%) -- Ticket Income 251 160 $
Total Attendance: 19502 (97,51%)
Total Ticket Income: 2 013 080 $
Other Expense: 20 131 $
Total Income: 1 992 949 $

SEATTLE GRUNGE

5 vs 5 Forward 
   Center                   Left Wing                Right Wing               Time % Phy DF OF 
 1 Tyler Seguin             Morgan Geekie            William Nylander         37     1   2  2  
 2 Travis Boyd              Warren Foegele           Nico Sturm               33     1   2  2  
 3 Sean Monahan             Jimmy Vesey              Curtis Lazar             23     1   2  2  
 4 Rem Pitlick              Jakub Vrana              Alexey Toropchenko       7      1   2  2  

5 vs 5 Defense 
   Defense                  Defense                                           Time % Phy DF OF 
 1 Travis Sanheim           Brett Kulak                                       40     1   2  2  
 2 Kaiden Guhle             William Borgen                                    35     1   2  2  
 3 Nikita Zaitsev           Nick Seeler                                       25     1   2  2  
 4 Travis Sanheim           Brett Kulak                                       0      1   2  2  

PowerPlay Forward 
   Center                   Left Wing                Right Wing               Time % Phy DF OF 
 1 Tyler Seguin             Nico Sturm               William Nylander         55     1   2  2  
 2 Travis Boyd              Warren Foegele           Morgan Geekie            45     1   2  2  

PowerPlay Defense
   Defense                  Defense                                           Time % Phy DF OF 
 1 Travis Sanheim           Brett Kulak                                       55     1   2  2  
 2 Kaiden Guhle             Nikita Zaitsev                                    45     1   2  2  

Penalty Kill 4 Players Forward 
   Center                   Wing                     Time % Phy DF OF 
 1 William Nylander         Tyler Seguin             55     1   2  2  
 2 Travis Boyd              Sean Monahan             45     1   2  2  

Penalty Kill 4 Players Defense
   Defense                  Defense                  Time % Phy DF OF 
 1 Travis Sanheim           Brett Kulak              55     1   2  2  
 2 Kaiden Guhle             Nikita Zaitsev           45     1   2  2  

Penalty Kill - 3 Players Forward 
   Forward                                           Time % Phy DF OF 
 1 Nico Sturm                                        55     1   2  2  
 2 Curtis Lazar                                      45     1   2  2  

Penalty Kill - 3 Players Defense
   Defense                  Defense                  Time % Phy DF OF 
 1 Travis Sanheim           Brett Kulak              55     1   2  2  
 2 Kaiden Guhle             Nikita Zaitsev           45     1   2  2  

4 vs 4 Forward 
   Center                   Wing                     Time % Phy DF OF 
 1 William Nylander         Tyler Seguin             55     1   2  2  
 2 Travis Boyd              Sean Monahan             45     1   2  2  

4 vs 4 Defense
   Defense                  Defense                  Time % Phy DF OF 
 1 Travis Sanheim           Brett Kulak              55     1   2  2  
 2 Kaiden Guhle             Nikita Zaitsev           45     1   2  2  

Last Minutes Offensive
   Center                   Left Wing                Right Wing               Defense                  Defense                  
   Tyler Seguin             Nico Sturm               William Nylander         Travis Sanheim           Brett Kulak              

Last Minutes Defensive
   Center                   Left Wing                Right Wing               Defense                  Defense                  
   Tyler Seguin             Nico Sturm               William Nylander         Travis Sanheim           Brett Kulak              

Goaltenders
Starting : Semyon Varlamov          
Backup : Karel Vejmelka           

Extra Forwards
Normal : Jimmy Vesey, Curtis Lazar, Jakub Vrana - PP : Jimmy Vesey, Curtis Lazar - PK : Jakub Vrana
Extra Defensemen
Normal : William Borgen, Nick Seeler, Kaiden Guhle - PP : William Borgen - PK : Nick Seeler, Kaiden Guhle
Penalty Shots
William Nylander, Tyler Seguin, Travis Boyd, Sean Monahan, Nico Sturm
Custom OT Lines Forwards
William Nylander, Tyler Seguin, Travis Boyd, Sean Monahan, Nico Sturm, Warren Foegele, Jimmy Vesey, Morgan Geekie, Curtis Lazar, Jakub Vrana
Custom OT Lines Defensemen
Travis Sanheim, Brett Kulak, Kaiden Guhle, Nikita Zaitsev, William Borgen

Scratches
Andrew Nielsen (Healthy), Chris Tierney (Healthy), Radim Simek (Healthy), Casey DeSmith (Healthy)

SASKATOON DUCKS

5 vs 5 Forward 
   Center                   Left Wing                Right Wing               Time % Phy DF OF 
 1 Sidney Crosby            Jason Zucker             Ivan Barbashev           40     0   2  3  
 2 Ryan Strome              Artemi Panarin           Kailer Yamamoto          37     0   2  3  
 3 Paul Stastny             Mathieu Joseph           Phil Kessel              18     0   3  2  
 4 Nils Aman                Milan Lucic              Anthony Duclair          5      0   3  2  

5 vs 5 Defense 
   Defense                  Defense                                           Time % Phy DF OF 
 1 Roman Josi               Ryan McDonagh                                     40     1   2  2  
 2 Jake Sanderson           Kevin Shattenkirk                                 30     1   2  2  
 3 Samuel Girard            Jaycob Megna                                      20     1   2  2  
 4 Roman Josi               Jake Sanderson                                    10     1   2  2  

PowerPlay Forward 
   Center                   Left Wing                Right Wing               Time % Phy DF OF 
 1 Sidney Crosby            Artemi Panarin           Jason Zucker             70     0   0  5  
 2 Ryan Strome              Ivan Barbashev           Kailer Yamamoto          30     0   0  5  

PowerPlay Defense
   Defense                  Defense                                           Time % Phy DF OF 
 1 Roman Josi               Jake Sanderson                                    70     0   0  5  
 2 Kevin Shattenkirk        Ryan McDonagh                                     30     0   0  5  

Penalty Kill 4 Players Forward 
   Center                   Wing                     Time % Phy DF OF 
 1 Paul Stastny             Mathieu Joseph           55     0   4  1  
 2 Ryan Strome              Ivan Barbashev           45     0   4  1  

Penalty Kill 4 Players Defense
   Defense                  Defense                  Time % Phy DF OF 
 1 Kevin Shattenkirk        Ryan McDonagh            55     0   4  1  
 2 Samuel Girard            Jaycob Megna             45     0   4  1  

Penalty Kill - 3 Players Forward 
   Forward                                           Time % Phy DF OF 
 1 Paul Stastny                                      55     0   5  0  
 2 Nils Aman                                         45     0   5  0  

Penalty Kill - 3 Players Defense
   Defense                  Defense                  Time % Phy DF OF 
 1 Roman Josi               Samuel Girard            55     0   5  0  
 2 Jaycob Megna             Kevin Shattenkirk        45     0   5  0  

4 vs 4 Forward 
   Center                   Wing                     Time % Phy DF OF 
 1 Sidney Crosby            Jason Zucker             55     1   2  2  
 2 Ryan Strome              Artemi Panarin           45     1   2  2  

4 vs 4 Defense
   Defense                  Defense                  Time % Phy DF OF 
 1 Roman Josi               Samuel Girard            55     1   2  2  
 2 Jake Sanderson           Ryan McDonagh            45     1   2  2  

Last Minutes Offensive
   Center                   Left Wing                Right Wing               Defense                  Defense                  
   Sidney Crosby            Artemi Panarin           Ivan Barbashev           Roman Josi               Jake Sanderson           

Last Minutes Defensive
   Center                   Left Wing                Right Wing               Defense                  Defense                  
   Sidney Crosby            Ivan Barbashev           Kailer Yamamoto          Roman Josi               Ryan McDonagh            

Goaltenders
Starting : Tristan Jarry            
Backup : Anton Forsberg           

Extra Forwards
Normal : Artemi Panarin, Sidney Crosby, Ryan Strome - PP : Sidney Crosby, Kailer Yamamoto - PK : Mathieu Joseph
Extra Defensemen
Normal : Jake Sanderson, Roman Josi, Samuel Girard - PP : Jake Sanderson - PK : Jaycob Megna, Samuel Girard
Penalty Shots
Sidney Crosby, Artemi Panarin, Jason Zucker, Ivan Barbashev, Ryan Strome
Custom OT Lines Forwards
Sidney Crosby, Artemi Panarin, Kailer Yamamoto, Ivan Barbashev, Ryan Strome, Phil Kessel, Jason Zucker, Paul Stastny, Mathieu Joseph, Milan Lucic
Custom OT Lines Defensemen
Roman Josi, Ryan McDonagh, Samuel Girard, Kevin Shattenkirk, Jake Sanderson

Scratches
Jake Guentzel (Chest/Ribs Injury)

% Time on Ice - SEATTLE GRUNGE

Lines # - Real PCT - Wanted PCT - Time Play
Normal Forward
1 - 32% - 37% - 16:30
2 - 28% - 33% - 14:33
3 - 21% - 23% - 10:43
4 - 19% - 7% - 9:50
Normal Defense
1 - 36% - 40% - 18:37
2 - 36% - 35% - 18:33
3 - 28% - 25% - 14:26
4 - 0% - 0% - 0:00
PP Forward
1 - 63% - 55% - 2:30
2 - 37% - 45% - 1:28
PP Defense
1 - 63% - 55% - 2:30
2 - 37% - 45% - 1:28
PK Forward
1 - 62% - 55% - 2:44
2 - 38% - 45% - 1:42
PK Defense
1 - 44% - 55% - 1:57
2 - 56% - 45% - 2:29
PK3 Forward
1 - 0% - 55%
2 - 0% - 45%
PK3 Defense
1 - 0% - 55%
2 - 0% - 45%
44 Forward
1 - 0% - 55%
2 - 0% - 45%
44 Defense
1 - 0% - 55%
2 - 0% - 45%
Last Minute Offensive  - 0:00
Last Minute Defensive  - 0:00
Total
Forward - 60:00
Defense - 60:00

% Time on Ice - SASKATOON DUCKS

Lines # - Real PCT - Wanted PCT - Time Play
Normal Forward
1 - 33% - 40% - 17:04
2 - 35% - 37% - 18:03
3 - 21% - 18% - 11:05
4 - 10% - 5% - 5:24
Normal Defense
1 - 37% - 40% - 19:03
2 - 28% - 30% - 14:16
3 - 29% - 20% - 15:12
4 - 6% - 10% - 3:05
PP Forward
1 - 62% - 70% - 2:44
2 - 38% - 30% - 1:42
PP Defense
1 - 65% - 70% - 2:53
2 - 35% - 30% - 1:33
PK Forward
1 - 66% - 55% - 2:37
2 - 34% - 45% - 1:21
PK Defense
1 - 38% - 55% - 1:30
2 - 62% - 45% - 2:28
PK3 Forward
1 - 0% - 55%
2 - 0% - 45%
PK3 Defense
1 - 0% - 55%
2 - 0% - 45%
44 Forward
1 - 0% - 55%
2 - 0% - 45%
44 Defense
1 - 0% - 55%
2 - 0% - 45%
Last Minute Offensive  - 0:00
Last Minute Defensive  - 0:00
Total
Forward - 60:00
Defense - 60:00

Play-by-Play

1st period


0:01 of 1st period - Sidney Crosby wins face-off versus Tyler Seguin in neutral zone.
0:07 of 1st period - Sidney Crosby is hit by Brett Kulak and loses puck.
0:32 of 1st period - Shot by Sidney Crosby.
0:32 of 1st period - Shot Misses the Net.
0:47 of 1st period - Off-side.
0:48 of 1st period - Travis Boyd wins face-off versus Ryan Strome in neutral zone.
0:48 of 1st period - Travis Boyd is hit by Kailer Yamamoto.
0:52 of 1st period - Jake Sanderson is hit by Warren Foegele and loses puck.
1:08 of 1st period - Kailer Yamamoto is hit by William Borgen and loses puck.
1:29 of 1st period - Kailer Yamamoto is hit by William Borgen and loses puck.
2:00 of 1st period - Nikita Zaitsev is hit by Mathieu Joseph and loses puck.
2:38 of 1st period - Shot by Sidney Crosby.
2:38 of 1st period - Stopped by Semyon Varlamov with a rebound.
3:16 of 1st period - Icing by Nikita Zaitsev.
3:17 of 1st period - Ryan Strome wins face-off versus Sean Monahan in SEATTLE GRUNGE zone.
3:18 of 1st period - Shot by Kailer Yamamoto.
3:18 of 1st period - Stopped by Semyon Varlamov without a rebound.
3:19 of 1st period - Ryan Strome wins face-off versus Tyler Seguin in SEATTLE GRUNGE zone.
3:50 of 1st period - Shot by Kailer Yamamoto.
3:50 of 1st period - Shot Blocked by Morgan Geekie.
3:52 of 1st period - Shot by Kevin Shattenkirk.
3:52 of 1st period - Stopped by Semyon Varlamov without a rebound.
3:52 of 1st period - Semyon Varlamov from SEATTLE GRUNGE is injured at 3:52 of 1st period (Sprained Right Knee).
3:52 of 1st period - Karel Vejmelka enters game.
3:53 of 1st period - Rem Pitlick wins face-off versus Nils Aman in SEATTLE GRUNGE zone.
3:58 of 1st period - Rem Pitlick is hit by Milan Lucic.
4:12 of 1st period - Minor Penalty to Milan Lucic for Hooking.
4:13 of 1st period - Tyler Seguin wins face-off versus Mathieu Joseph in SASKATOON DUCKS zone.
4:13 of 1st period - Tyler Seguin is hit by Kevin Shattenkirk.
6:35 of 1st period - Milan Lucic is hit by Jakub Vrana and loses puck.
7:17 of 1st period - Icing by Artemi Panarin.
7:18 of 1st period - Sean Monahan wins face-off versus Ryan Strome in SASKATOON DUCKS zone.
7:21 of 1st period - Shot by Curtis Lazar.
7:21 of 1st period - Stopped by Tristan Jarry without a rebound.
7:22 of 1st period - Sean Monahan wins face-off versus Jason Zucker in SASKATOON DUCKS zone.
7:22 of 1st period - Sean Monahan is hit by Jaycob Megna.
7:31 of 1st period - Icing by Nick Seeler.
7:32 of 1st period - Jason Zucker wins face-off versus Jimmy Vesey in SEATTLE GRUNGE zone.
7:33 of 1st period - Shot by Sidney Crosby.
7:33 of 1st period - Shot Blocked by Nikita Zaitsev.
7:53 of 1st period - Shot by Curtis Lazar.
7:53 of 1st period - Shot Misses the Net.
8:18 of 1st period - Sidney Crosby is hit by Brett Kulak and loses puck.
8:52 of 1st period - Shot by Warren Foegele.
8:52 of 1st period - Stopped by Tristan Jarry without a rebound.
8:53 of 1st period - Paul Stastny wins face-off versus William Nylander in SASKATOON DUCKS zone.
10:02 of 1st period - Shot by Sean Monahan.
10:02 of 1st period - Shot Misses the Net.
10:04 of 1st period - Shot by Curtis Lazar.
10:04 of 1st period - The goal is going for a video replay.
10:04 of 1st period - The goal is refused.
10:05 of 1st period - Nils Aman wins face-off versus Warren Foegele in SASKATOON DUCKS zone.
12:00 of 1st period - Minor Penalty to Curtis Lazar for Interference.
12:01 of 1st period - Sidney Crosby wins face-off versus William Nylander in SEATTLE GRUNGE zone.
12:02 of 1st period - Shot by Jake Sanderson.
12:02 of 1st period - Shot Misses the Net.
12:04 of 1st period - Shot by Jake Sanderson.
12:04 of 1st period - Stopped by Karel Vejmelka without a rebound.
12:05 of 1st period - Sidney Crosby wins face-off versus Tyler Seguin in SEATTLE GRUNGE zone.
13:42 of 1st period - Shot by Jake Sanderson.
13:42 of 1st period - Deflect By Sidney Crosby.
13:42 of 1st period - Goal by Sidney Crosby - SEATTLE GRUNGE : 0 - SASKATOON DUCKS : 1.
13:43 of 1st period - Paul Stastny wins face-off versus Rem Pitlick in neutral zone.
13:46 of 1st period - Shot by Samuel Girard.
13:46 of 1st period - Shot Blocked by Kaiden Guhle.
13:49 of 1st period - Icing by William Borgen.
13:50 of 1st period - Paul Stastny wins face-off versus Rem Pitlick in SEATTLE GRUNGE zone.
13:57 of 1st period - Shot by Alexey Toropchenko.
13:57 of 1st period - Shot Misses the Net.
14:56 of 1st period - Shot by William Nylander.
14:56 of 1st period - Stopped by Tristan Jarry with a rebound.
15:03 of 1st period - Morgan Geekie is hit by Jaycob Megna and loses puck.
16:00 of 1st period - Shot by Travis Boyd.
16:00 of 1st period - Goal by Travis Boyd - SEATTLE GRUNGE : 1 - SASKATOON DUCKS : 1.
16:01 of 1st period - Ryan Strome wins face-off versus Sean Monahan in neutral zone.
17:27 of 1st period - Shot by Tyler Seguin.
17:27 of 1st period - Deflect By William Nylander.
17:27 of 1st period - Shot Misses the Net.
17:35 of 1st period - Shot by William Nylander.
17:35 of 1st period - Stopped by Tristan Jarry with a rebound.
17:45 of 1st period - Shot by Tyler Seguin.
17:45 of 1st period - Shot Misses the Net.
18:20 of 1st period - Shot by Travis Boyd.
18:20 of 1st period - Stopped by Tristan Jarry without a rebound.
18:21 of 1st period - Ryan Strome wins face-off versus Rem Pitlick in SASKATOON DUCKS zone.
18:34 of 1st period - Shot by Kailer Yamamoto.
18:34 of 1st period - Goal by Kailer Yamamoto - SEATTLE GRUNGE : 1 - SASKATOON DUCKS : 2.
18:35 of 1st period - Tyler Seguin wins face-off versus Nils Aman in neutral zone.
18:47 of 1st period - Shot by Roman Josi.
18:47 of 1st period - Shot Misses the Net.
18:55 of 1st period - Shot by Nils Aman.
18:55 of 1st period - Stopped by Karel Vejmelka without a rebound.
18:56 of 1st period - Ryan Strome wins face-off versus Travis Boyd in SEATTLE GRUNGE zone.
19:51 of 1st period - Icing by Travis Boyd.
19:52 of 1st period - Warren Foegele wins face-off versus Sidney Crosby in SEATTLE GRUNGE zone.
19:52 of 1st period - Nikita Zaitsev is hit by Ivan Barbashev and loses puck.
Goals for this period are 1 for SEATTLE GRUNGE vs 2 for SASKATOON DUCKS.
Shots for this period are 7 for SEATTLE GRUNGE vs 7 for SASKATOON DUCKS.

2nd period


0:01 of 2nd period - Sidney Crosby wins face-off versus Tyler Seguin in neutral zone.
1:10 of 2nd period - Minor Penalty to Tyler Seguin for Elbowing.
1:11 of 2nd period - Ryan Strome wins face-off versus Travis Boyd in SEATTLE GRUNGE zone.
1:55 of 2nd period - Off-side.
1:56 of 2nd period - Sidney Crosby wins face-off versus William Nylander in neutral zone.
2:01 of 2nd period - Brett Kulak is hit by Jason Zucker and loses puck.
2:56 of 2nd period - Shot by Kailer Yamamoto.
2:56 of 2nd period - Shot Misses the Net.
2:58 of 2nd period - Shot by Kailer Yamamoto.
2:58 of 2nd period - Stopped by Karel Vejmelka without a rebound.
2:59 of 2nd period - Ryan Strome wins face-off versus William Nylander in SEATTLE GRUNGE zone.
3:23 of 2nd period - Travis Boyd is hit by Samuel Girard.
4:38 of 2nd period - Shot by Jakub Vrana.
4:38 of 2nd period - Goal by Jakub Vrana - SEATTLE GRUNGE : 2 - SASKATOON DUCKS : 2.
4:39 of 2nd period - Tyler Seguin wins face-off versus Sidney Crosby in neutral zone.
5:43 of 2nd period - Shot by Jimmy Vesey.
5:43 of 2nd period - Deflect By Sean Monahan.
5:43 of 2nd period - Shot Misses the Net.
5:45 of 2nd period - Shot by Curtis Lazar.
5:45 of 2nd period - Shot Blocked by Ryan McDonagh.
5:47 of 2nd period - Shot by Jimmy Vesey.
5:47 of 2nd period - Shot Misses the Net.
5:49 of 2nd period - Shot by Curtis Lazar.
5:49 of 2nd period - Stopped by Tristan Jarry without a rebound.
5:50 of 2nd period - Ryan Strome wins face-off versus Travis Boyd in SASKATOON DUCKS zone.
6:22 of 2nd period - Shot by Travis Boyd.
6:22 of 2nd period - Stopped by Tristan Jarry without a rebound.
6:23 of 2nd period - Paul Stastny wins face-off versus Sean Monahan in SASKATOON DUCKS zone.
6:32 of 2nd period - Sean Monahan is hit by Samuel Girard and loses puck.
6:41 of 2nd period - Shot by Sean Monahan.
6:41 of 2nd period - Stopped by Tristan Jarry with a rebound.
7:15 of 2nd period - Icing by Jaycob Megna.
7:16 of 2nd period - Tyler Seguin wins face-off versus Paul Stastny in SASKATOON DUCKS zone.
7:27 of 2nd period - Shot by William Nylander.
7:27 of 2nd period - Stopped by Tristan Jarry without a rebound.
7:28 of 2nd period - Ivan Barbashev wins face-off versus Travis Boyd in SASKATOON DUCKS zone.
7:39 of 2nd period - Off-side.
7:40 of 2nd period - Tyler Seguin wins face-off versus Ryan Strome in neutral zone.
7:59 of 2nd period - Shot by William Nylander.
7:59 of 2nd period - Shot Blocked by Jake Sanderson.
8:01 of 2nd period - Shot by William Nylander.
8:01 of 2nd period - Shot Blocked by Jake Sanderson.
8:03 of 2nd period - Shot by William Nylander.
8:03 of 2nd period - Shot Misses the Net.
8:09 of 2nd period - Shot by William Nylander.
8:09 of 2nd period - Stopped by Tristan Jarry without a rebound.
8:10 of 2nd period - Travis Boyd wins face-off versus Ivan Barbashev in SASKATOON DUCKS zone.
8:34 of 2nd period - Shot by Warren Foegele.
8:34 of 2nd period - Stopped by Tristan Jarry without a rebound.
8:35 of 2nd period - Ryan Strome wins face-off versus Sean Monahan in SASKATOON DUCKS zone.
8:35 of 2nd period - Ryan Strome is hit by Curtis Lazar.
8:36 of 2nd period - Minor Penalty to Curtis Lazar for Holding.
8:37 of 2nd period - Sidney Crosby wins face-off versus William Nylander in SEATTLE GRUNGE zone.
9:21 of 2nd period - Shot by Sidney Crosby.
9:21 of 2nd period - Goal by Sidney Crosby - SEATTLE GRUNGE : 2 - SASKATOON DUCKS : 3.
9:22 of 2nd period - Paul Stastny wins face-off versus Rem Pitlick in neutral zone.
9:25 of 2nd period - Shot by Phil Kessel.
9:25 of 2nd period - Stopped by Karel Vejmelka with a rebound.
9:28 of 2nd period - Icing by Brett Kulak.
9:29 of 2nd period - Paul Stastny wins face-off versus Rem Pitlick in SEATTLE GRUNGE zone.
10:15 of 2nd period - Icing by Jaycob Megna.
10:16 of 2nd period - Morgan Geekie wins face-off versus Paul Stastny in SASKATOON DUCKS zone.
10:44 of 2nd period - Sidney Crosby is hit by William Borgen and loses puck.
11:15 of 2nd period - Shot by Ivan Barbashev.
11:15 of 2nd period - Shot Misses the Net.
11:44 of 2nd period - Kevin Shattenkirk is hit by Travis Sanheim and loses puck.
12:00 of 2nd period - Travis Boyd is hit by Kevin Shattenkirk and loses puck.
12:32 of 2nd period - Samuel Girard is hit by Curtis Lazar and loses puck.
12:46 of 2nd period - Icing by Jaycob Megna.
12:47 of 2nd period - Nils Aman wins face-off versus Rem Pitlick in SASKATOON DUCKS zone.
13:17 of 2nd period - Rem Pitlick is hit by Ivan Barbashev and loses puck.
13:30 of 2nd period - Shot by Sidney Crosby.
13:30 of 2nd period - Stopped by Karel Vejmelka with a rebound.
14:01 of 2nd period - Shot by Sean Monahan.
14:01 of 2nd period - Shot Blocked by Ryan McDonagh.
14:03 of 2nd period - Shot by Curtis Lazar.
14:03 of 2nd period - Stopped by Tristan Jarry without a rebound.
14:04 of 2nd period - Travis Boyd wins face-off versus Ryan Strome in SASKATOON DUCKS zone.
14:21 of 2nd period - Shot by Nico Sturm.
14:21 of 2nd period - Shot Blocked by Kevin Shattenkirk.
14:33 of 2nd period - Shot by Warren Foegele.
14:33 of 2nd period - Stopped by Tristan Jarry with a rebound.
14:35 of 2nd period - Shot by Nico Sturm.
14:35 of 2nd period - Stopped by Tristan Jarry without a rebound.
14:36 of 2nd period - Tyler Seguin wins face-off versus Mathieu Joseph in SASKATOON DUCKS zone.
14:59 of 2nd period - Icing by William Nylander.
15:00 of 2nd period - William Nylander wins face-off versus Ryan Strome in SEATTLE GRUNGE zone.
15:07 of 2nd period - Shot by William Nylander.
15:07 of 2nd period - Shot Misses the Net.
15:55 of 2nd period - Ryan McDonagh is hit by Warren Foegele and loses puck.
16:10 of 2nd period - Kaiden Guhle is hit by Jason Zucker and loses puck.
16:35 of 2nd period - Shot by Sidney Crosby.
16:35 of 2nd period - Goal by Sidney Crosby - SEATTLE GRUNGE : 2 - SASKATOON DUCKS : 4.
16:36 of 2nd period - Paul Stastny wins face-off versus Rem Pitlick in neutral zone.
16:52 of 2nd period - Shot by Jakub Vrana.
16:52 of 2nd period - Shot Blocked by Mathieu Joseph.
17:14 of 2nd period - Off-side.
17:15 of 2nd period - Sidney Crosby wins face-off versus Sean Monahan in neutral zone.
17:30 of 2nd period - Shot by Sidney Crosby.
17:30 of 2nd period - Shot Misses the Net.
17:33 of 2nd period - Icing by Travis Sanheim.
17:34 of 2nd period - Sean Monahan wins face-off versus Ryan Strome in SEATTLE GRUNGE zone.
17:57 of 2nd period - Shot by Ryan Strome.
17:57 of 2nd period - Shot Misses the Net.
18:03 of 2nd period - Shot by Sean Monahan.
18:03 of 2nd period - Stopped by Tristan Jarry without a rebound.
18:04 of 2nd period - Tyler Seguin wins face-off versus Sidney Crosby in SASKATOON DUCKS zone.
18:07 of 2nd period - Shot by William Nylander.
18:07 of 2nd period - Stopped by Tristan Jarry without a rebound.
18:08 of 2nd period - Sidney Crosby wins face-off versus Tyler Seguin in SASKATOON DUCKS zone.
18:08 of 2nd period - Sidney Crosby is hit by Tyler Seguin.
18:28 of 2nd period - Shot by Sidney Crosby.
18:28 of 2nd period - Deflect By Ivan Barbashev.
18:28 of 2nd period - Shot Misses the Net.
18:35 of 2nd period - Jason Zucker is hit by Kaiden Guhle and loses puck.
18:46 of 2nd period - Shot by Ivan Barbashev.
18:46 of 2nd period - Shot Misses the Net.
19:46 of 2nd period - Shot by Warren Foegele.
19:46 of 2nd period - Shot Blocked by Roman Josi.
19:48 of 2nd period - Shot by Travis Sanheim.
19:48 of 2nd period - Shot Misses the Net.
Goals for this period are 1 for SEATTLE GRUNGE vs 2 for SASKATOON DUCKS.
Shots for this period are 12 for SEATTLE GRUNGE vs 5 for SASKATOON DUCKS.

3rd period


0:01 of 3rd period - Sidney Crosby wins face-off versus Tyler Seguin in neutral zone.
0:24 of 3rd period - Shot by Sidney Crosby.
0:24 of 3rd period - Shot Misses the Net.
0:46 of 3rd period - Shot by Sidney Crosby.
0:46 of 3rd period - Shot Misses the Net.
1:10 of 3rd period - Shot by Warren Foegele.
1:10 of 3rd period - Stopped by Tristan Jarry without a rebound.
1:11 of 3rd period - Sean Monahan wins face-off versus Paul Stastny in SASKATOON DUCKS zone.
1:18 of 3rd period - Shot by Jimmy Vesey.
1:18 of 3rd period - Stopped by Tristan Jarry without a rebound.
1:19 of 3rd period - Travis Boyd wins face-off versus Ryan Strome in SASKATOON DUCKS zone.
1:19 of 3rd period - Travis Boyd is hit by Kevin Shattenkirk.
1:25 of 3rd period - Shot by Travis Boyd.
1:25 of 3rd period - Deflect By Warren Foegele.
1:25 of 3rd period - Stopped by Tristan Jarry without a rebound.
1:26 of 3rd period - Travis Boyd wins face-off versus Ryan Strome in SASKATOON DUCKS zone.
1:38 of 3rd period - Off-side.
1:39 of 3rd period - Sidney Crosby wins face-off versus Sean Monahan in neutral zone.
2:12 of 3rd period - Shot by Curtis Lazar.
2:12 of 3rd period - Stopped by Tristan Jarry with a rebound.
2:14 of 3rd period - Shot by Nikita Zaitsev.
2:14 of 3rd period - Goal by Nikita Zaitsev - SEATTLE GRUNGE : 3 - SASKATOON DUCKS : 4.
2:15 of 3rd period - Tyler Seguin wins face-off versus Ryan Strome in neutral zone.
2:36 of 3rd period - Shot by William Nylander.
2:36 of 3rd period - Stopped by Tristan Jarry without a rebound.
2:37 of 3rd period - Paul Stastny wins face-off versus Travis Boyd in SASKATOON DUCKS zone.
2:41 of 3rd period - Off-side.
2:42 of 3rd period - Sidney Crosby wins face-off versus Travis Boyd in neutral zone.
2:57 of 3rd period - Shot by Nico Sturm.
2:57 of 3rd period - Shot Blocked by Ivan Barbashev.
2:59 of 3rd period - Shot by Travis Boyd.
2:59 of 3rd period - Deflect By Warren Foegele.
2:59 of 3rd period - Shot Misses the Net.
3:01 of 3rd period - Shot by Nico Sturm.
3:01 of 3rd period - Shot Misses the Net.
4:14 of 3rd period - Shot by Kailer Yamamoto.
4:14 of 3rd period - Deflect By Artemi Panarin.
4:14 of 3rd period - Stopped by Karel Vejmelka without a rebound.
4:15 of 3rd period - Sean Monahan wins face-off versus Paul Stastny in SEATTLE GRUNGE zone.
4:38 of 3rd period - Shot by Mathieu Joseph.
4:38 of 3rd period - Stopped by Karel Vejmelka without a rebound.
4:39 of 3rd period - Travis Boyd wins face-off versus Nils Aman in SEATTLE GRUNGE zone.
4:54 of 3rd period - Shot by Nils Aman.
4:54 of 3rd period - Stopped by Karel Vejmelka with a rebound.
5:40 of 3rd period - Shot by Sidney Crosby.
5:40 of 3rd period - Shot Blocked by Kaiden Guhle.
5:45 of 3rd period - Sidney Crosby is hit by William Borgen and loses puck.
5:56 of 3rd period - Shot by Sidney Crosby.
5:56 of 3rd period - Shot Misses the Net.
6:35 of 3rd period - Icing by Kevin Shattenkirk.
6:36 of 3rd period - Sean Monahan wins face-off versus Ryan Strome in SASKATOON DUCKS zone.
6:49 of 3rd period - Shot by Artemi Panarin.
6:49 of 3rd period - Stopped by Karel Vejmelka with a rebound.
7:14 of 3rd period - Kevin Shattenkirk is hit by Nick Seeler and loses puck.
8:12 of 3rd period - Shot by Tyler Seguin.
8:12 of 3rd period - Deflect By William Nylander.
8:12 of 3rd period - Stopped by Tristan Jarry without a rebound.
8:13 of 3rd period - Sidney Crosby wins face-off versus Rem Pitlick in SASKATOON DUCKS zone.
8:13 of 3rd period - Sidney Crosby is hit by Alexey Toropchenko.
8:23 of 3rd period - Shot by Jason Zucker.
8:23 of 3rd period - Shot Blocked by Alexey Toropchenko.
8:26 of 3rd period - Icing by William Borgen.
8:27 of 3rd period - Ryan Strome wins face-off versus Rem Pitlick in SEATTLE GRUNGE zone.
8:42 of 3rd period - Shot by Kaiden Guhle.
8:42 of 3rd period - Stopped by Tristan Jarry with a rebound.
9:42 of 3rd period - Sidney Crosby is hit by Jakub Vrana and loses puck.
10:20 of 3rd period - Shot by Phil Kessel.
10:20 of 3rd period - Shot Misses the Net.
11:09 of 3rd period - Icing by Brett Kulak.
11:10 of 3rd period - Tyler Seguin wins face-off versus Ryan Strome in SEATTLE GRUNGE zone.
12:05 of 3rd period - Ryan McDonagh is hit by Nikita Zaitsev and loses puck.
12:15 of 3rd period - Off-side.
12:16 of 3rd period - Sidney Crosby wins face-off versus Sean Monahan in neutral zone.
12:19 of 3rd period - Minor Penalty to Jason Zucker for Roughing.
12:20 of 3rd period - Tyler Seguin wins face-off versus Paul Stastny in SASKATOON DUCKS zone.
12:25 of 3rd period - Shot by Tyler Seguin.
12:25 of 3rd period - Shot Blocked by Jaycob Megna.
12:27 of 3rd period - Shot by Tyler Seguin.
12:27 of 3rd period - Deflect By William Nylander.
12:27 of 3rd period - Shot Misses the Net.
12:29 of 3rd period - Shot by Nico Sturm.
12:29 of 3rd period - Stopped by Tristan Jarry with a rebound.
12:47 of 3rd period - Shot by Tyler Seguin.
12:47 of 3rd period - Stopped by Tristan Jarry without a rebound.
12:48 of 3rd period - Paul Stastny wins face-off versus Travis Boyd in SASKATOON DUCKS zone.
13:20 of 3rd period - Shot by Travis Boyd.
13:20 of 3rd period - Deflect By Warren Foegele.
13:20 of 3rd period - Shot Misses the Net.
13:36 of 3rd period - Shot by Tyler Seguin.
13:36 of 3rd period - Shot Misses the Net.
15:31 of 3rd period - Shot by Rem Pitlick.
15:31 of 3rd period - Shot Blocked by Samuel Girard.
15:33 of 3rd period - Shot by Kaiden Guhle.
15:33 of 3rd period - Shot Blocked by Samuel Girard.
16:48 of 3rd period - Shot by Mathieu Joseph.
16:48 of 3rd period - Stopped by Karel Vejmelka with a rebound.
16:52 of 3rd period - Shot by Phil Kessel.
16:52 of 3rd period - Stopped by Karel Vejmelka without a rebound.
16:53 of 3rd period - Sidney Crosby wins face-off versus Rem Pitlick in SEATTLE GRUNGE zone.
18:08 of 3rd period - Icing by Jaycob Megna.
18:09 of 3rd period - Travis Boyd wins face-off versus Ryan Strome in SASKATOON DUCKS zone.
18:20 of 3rd period - Shot by Travis Boyd.
18:20 of 3rd period - Shot Misses the Net.
18:22 of 3rd period - Shot by Travis Sanheim.
18:22 of 3rd period - Goal by Travis Sanheim - SEATTLE GRUNGE : 4 - SASKATOON DUCKS : 4.
18:23 of 3rd period - Paul Stastny wins face-off versus Tyler Seguin in neutral zone.
19:45 of 3rd period - Icing by Samuel Girard.
19:46 of 3rd period - Curtis Lazar wins face-off versus Ryan Strome in SASKATOON DUCKS zone.
Goals for this period are 2 for SEATTLE GRUNGE vs 0 for SASKATOON DUCKS.
Shots for this period are 11 for SEATTLE GRUNGE vs 6 for SASKATOON DUCKS.

Overtime #1


0:01 of 1st overtime period - Sidney Crosby wins face-off versus Tyler Seguin in neutral zone.
0:06 of 1st overtime period - Shot by Sidney Crosby.
0:06 of 1st overtime period - Shot Blocked by Travis Sanheim.
0:45 of 1st overtime period - Icing by Travis Sanheim.
0:46 of 1st overtime period - Tyler Seguin wins face-off versus Ivan Barbashev in SEATTLE GRUNGE zone.
1:49 of 1st overtime period - Shot by Artemi Panarin.
1:49 of 1st overtime period - Shot Blocked by Brett Kulak.
1:57 of 1st overtime period - Shot by Sidney Crosby.
1:57 of 1st overtime period - Shot Blocked by Brett Kulak.
1:59 of 1st overtime period - Shot by Artemi Panarin.
1:59 of 1st overtime period - Stopped by Karel Vejmelka with a rebound.
2:15 of 1st overtime period - Shot by Roman Josi.
2:15 of 1st overtime period - Stopped by Karel Vejmelka with a rebound.
2:17 of 1st overtime period - Shot by Artemi Panarin.
2:17 of 1st overtime period - Goal by Artemi Panarin - SEATTLE GRUNGE : 4 - SASKATOON DUCKS : 5.
Goals for this period are 0 for SEATTLE GRUNGE vs 1 for SASKATOON DUCKS.
Shots for this period are 0 for SEATTLE GRUNGE vs 3 for SASKATOON DUCKS.


BLAKE
WHEELER
STEVEN
STAMKOS
DREW
DOUGHTY

EAST COAST

HOCKEY LEAGUE

  • 63.RHI2PIT5
  • 64.WOR4ATL3
  • 65.QUECHW
  • 66.CHATRV